 Seeded DCSS version 0.31.0-12-g77e489cdc1 (webtiles) character file.

Game seed: 5852599659512852149 (custom seed)

25 CInkIbrahim the Slasher (level 3, 27/27 HPs)
             Began as a Merfolk Gladiator on Feb 11, 2024.
             Quit the game on level 1 of the Dungeon.
             The game lasted 00:00:45 (727 turns).

CInkIbrahim the Slasher (Merfolk Gladiator)          Turns: 727, Time: 00:00:45

Health: 27/27      AC:  4    Str: 14    XL:     3   Next: 6%
Magic:  3/12       EV: 13    Int:  7    God:
Gold:   73         SH:  0    Dex: 19    Spells: 2/2 levels left

rFire   . . .        a - +0 long sword
rCold   . . .        (no shield)
rNeg    . . .        b - +0 leather armour
rPois   .            c - +0 helmet
rElec   .            (no cloak)
rCorr   .            (no gloves)
SInv    .            (no boots)
Will    .....        (no amulet)
Stlth   ++           o - ring of magical power
HPRegen 0.24/turn    (no ring)
MPRegen 0.13/turn

%: no passive effects
@: no status effects
A: (nimble swimmer 2), mertail, thin skeletal structure 1, deterioration 1
a: no special abilities


You were on level 1 of the Dungeon.
You visited 1 branch of the dungeon, and saw 1 of its levels.

You collected 73 gold pieces.

Inventory:

Hand Weapons
 a - a +0 long sword (weapon)
Missiles
 d - 3 throwing nets (quivered)
 e - a javelin
Armour
 b - a +0 leather armour (worn)
 c - a +0 helmet (worn)
Jewellery
 o - a ring of magical power (left hand)
Scrolls
 h - 2 scrolls of teleportation {unknown}
 l - a scroll of immolation {unknown}
 n - a scroll of fear {unknown}
Potions
 f - a potion of invisibility {unknown}
 g - a potion of might
 k - a potion of haste
 m - a potion of attraction
 p - 2 potions of curing


   Skills:
 - Level 2.1 Fighting
 + Level 5.0 Long Blades
 - Level 2.0 Throwing
 - Level 4.0 Dodging


You had 2 spell levels left.
You didn't know any spells.
Your spell library contained the following spells:

 Spells                   Type           Power      Damage    Failure   Level
 Call Imp                 Summ           0%         N/A       65%         2
 Sublimation of Blood     Necr           0%         N/A       65%         2
 Summon Hydra             Summ           0%         N/A       100%        7


Dungeon Overview and Level Annotations

Branches:
Dungeon (1/15)

Altars:


Innate Abilities, Weirdness & Mutations

((You are very nimble when in or above water. (Stealth+, EV+, Speed+++)))
Your lower body shifts to a powerful aquatic tail in water.
You have a somewhat thin skeletal structure. (Dex +2, Stealth+)
Your body sometimes deteriorates upon taking damage.


Message History

Key pressed, stopping explore.
No target in view!
Done exploring.
No target in view!
Done exploring.
No target in view!
Done exploring.
No target in view!
Done exploring.
No target in view!
Done exploring.
No target in view!
Done exploring.
No target in view!
Done exploring.
No target in view!
Done exploring.
No target in view!
Done exploring.
No target in view!
You feel your magic capacity increase.
o - a ring of magical power (left hand)
Okay, then.
Search for what [? for help]? .
Okay, then.
As you read the scroll labelled JUBODGH VIFEOSU, it crumbles to dust.
It is a scroll of identify.
p - 2 potions of curing
As you read the scroll of identify, it crumbles to dust.
k - a potion of haste
As you read the scroll of identify, it crumbles to dust.
g - a potion of might
As you read the scroll of identify, it crumbles to dust.
i - a potion of mutation
As you read the scroll of identify, it crumbles to dust.
m - a potion of attraction
Okay, then.
You feel extremely strange.
You feel yourself wasting away.
Your bones become slightly less dense.
Are you sure you want to abandon this character and quit the game? (Confirm with "yes".)

### #.### #...# #.#.#
###.#.#####
####.........#
....####.###.########
............).(.@...#
..#.#....###.#.....##
........#......######
#.#...#.#.##........#
..#####.#.##...####.#
#.#####.#.##...# #.#
.............>.# #.#
........#...#.#####.#
..).###...###.......#


There were no monsters in sight!

Vanquished Creatures
  A dart slug (D:1)
  2 bats (D:1)
  An endoplasm (D:1)
  A giant cockroach (D:1)
  4 goblins (D:1)
  4 hobgoblins (D:1)
  3 kobolds (D:1)
  A quokka (D:1)
  2 ball pythons (D:1)
  3 frilled lizards (D:1)
22 creatures vanquished.

Notes
Turn   | Place    | Note
-------+----------+-------------------------------------------
     0 | D:1      | CInkIbrahim the Merfolk Gladiator began the quest for the
                  | Orb.
     0 | D:1      | Reached XP level 1. HP: 16/16 MP: 1/1
    69 | D:1      | Reached skill level 4 in Long Blades
   119 | D:1      | Reached XP level 2. HP: 22/22 MP: 2/2
   444 | D:1      | Reached skill level 5 in Long Blades
   444 | D:1      | Reached XP level 3. HP: 25/27 MP: 3/3
   726 | D:1      | Gained mutation: Your body sometimes deteriorates upon
                  | taking damage. [potion of mutation]
   726 | D:1      | Gained mutation: You have a somewhat thin skeletal
                  | structure. (Dex +2, Stealth+) [potion of mutation]
   727 | D:1      | Quit the game

Illustrated notes

Levels and vault maps discovered:
D:1:      wander_arrival_estate, layout_basic, minmay_pentomino_u4

Skill      XL: |  1  2 |
---------------+-------+-----
Long Blades    | 4 5 |  5.0
Fighting       | |  2.1
Throwing       | |  2.0
Dodging        | |  4.0

Action                     || total
---------------------------++-------
  Melee: Long sword        ||    67
    Use: Scroll            ||     5
         Potion            ||     1
 Armour: Leather armour    ||    31
  Dodge: Dodged            ||    55
